 Dungeon Crawl Stone Soup version 0.22.1-1-ga44c0e5 (webtiles) character file.

177 FrontBottom the Insei (level 5, -3/33 HPs)
             Began as an Octopode Transmuter on Oct 27, 2018.
             Slain by Grinder (6 damage)
             ... while paralysed by Grinder
             ... on level 3 of the Dungeon.
             The game lasted 00:13:27 (2480 turns).

FrontBottom the Insei (Octopode Transmuter)         Turns: 2480, Time: 00:13:27

Health: -3/33      AC:  2    Str: 10    XL:     5   Next: 57%
Magic:  7/9        EV:  5    Int: 16    God:
Gold:   189        SH:  0    Dex: 17    Spells: 3/9 levels left

rFire    . . .     SeeInvis .     - Unarmed
rCold    . . .     Gourm    .   (shield currently unavailable)
rNeg     . . .     Faith    .   (helmet currently unavailable)
rPois    x         Spirit   .   (no amulet)
rElec    .         Reflect  .   (no ring)
rCorr    .         Harm     .   (no ring)
MR       .....                  (no ring)
Stlth    ++........             (no ring)
HPRegen  0.11/turn              (no ring)
MPRegen  0.11/turn              (no ring)
                                (no ring)
                                (no ring)

@: paralysed, spider-form (expiring)
A: tiny, almost no armour, stealthy swim, (amphibious), 8 rings, (constrict 8)
a: End Transformation


You were on level 3 of the Dungeon.
You were not hungry.
You were a venomous arachnid creature.
You visited 1 branch of the dungeon, and saw 3 of its levels.

You collected 189 gold pieces.

Inventory:

Missiles
 a - 26 arrows
 b - 78 stones (quivered)
 i - 7 poisoned needles
Scrolls
 d - 2 scrolls of remove curse
 e - a scroll of fog
 f - a scroll of identify
 h - a scroll of teleportation {unknown}
Potions
 j - a potion of might {unknown}
Comestibles
 c - 5 rations
 g - 5 chunks of flesh


   Skills:
 - Level 1.1 Fighting
 - Level 2.0 Dodging
 * Level 2.5 Stealth
 + Level 4.1 Unarmed Combat
 + Level 2.9 Spellcasting
 + Level 2.9 Transmutations
 * Level 1.9 Poison Magic


You had 3 spell levels left.
You knew the following spells:

 Your Spells              Type           Power        Failure   Level  Hunger
a - Beastly Appendage     Tmut           ##....       16%         1    #......
b - Sticks to Snakes      Tmut           ##......     22%         2    ##.....
c - Spider Form           Tmut/Pois      ##........   41%         3    ###....

Your spell library contained the following spells:

 Spells                   Type           Power        Failure   Level  Hunger
 Ice Form                 Ice/Tmut       #.......     87%         4    #####..
 Blade Hands              Tmut           ##........   94%         5    ######.


Dungeon Overview and Level Annotations

Branches:
Dungeon (3/15)

Altars:
Ashenzari

Portals:
Sewer: D:3

Annotations:
D:3 Grinder


Innate Abilities, Weirdness & Mutations

You cannot wear most types of armour.
You are very stealthy in the water. (Stealth+)
((You are amphibious.))
You can wear up to eight rings at the same time.
((You can use your tentacles to constrict eight enemies at once.))
((Your skin changes colour to match your surroundings (Stealth+).))
((Your rubbery body absorbs attacks. (AC +1, EV +1)))


Message History

You can move again.
Casting: Beastly Appendage (safe; 5% risk of failure)
Confirm with . or Enter, or press ? or * to list all spells.
You turn into a venomous arachnid creature.
You hit Grinder but do no damage.
Grinder is poisoned.
Grinder closely misses you.
You barely miss Grinder.
Your transformation is almost over.
Grinder gestures at you.
You suddenly lose the ability to move!
Grinder hits you!
You writhe in agony.
Grinder barely misses you. Grinder hits you.
You writhe in agony.
* * * LOW HITPOINT WARNING * * *
Grinder hits you.
* * * LOW HITPOINT WARNING * * *
Grinder looks more healthy.
Grinder says, "DUCK!"
Grinder hits you.
You die...

*,* #........###......###
*,* #..........#........,
*,* #........#.#......#**
*,* #........#.#......#
*,***###........#.#......#
*,,,,....................#
******####....###.##.....###
#....# #.##........ #.s..#
#.########## #.5..# #.# #
#....# #.# # #.%..#
#.#**####### #....#
#..,,....... #....#
*****####### #....# # ######
#


You could see Grinder.

Vanquished Creatures
  A howler monkey (D:2)
  3 gnolls (D:2)
  2 adders
  A river rat (D:3)
  2 oozes (D:1)
  A worm (D:2)
  3 dart slugs
  A leopard gecko (D:2)
  An orc (D:2)
  3 giant cockroaches
  5 goblins
  6 hobgoblins
  8 jackals
  7 kobolds
  2 ball pythons
  6 bats
  2 frilled lizards (D:2)
  5 rats
59 creatures vanquished.

Vanquished Creatures (collateral kills)
  2 adders (D:2)
  A dart slug (D:1)
3 creatures vanquished.

Grand Total: 62 creatures vanquished

Notes
Turn   | Place    | Note
-------+----------+-------------------------------------------
     0 | D:1      | FrontBottom the Octopode Transmuter began the quest for the
                  | Orb.
     0 | D:1      | Reached XP level 1. HP: 13/13 MP: 3/3
    61 | D:1      | Reached XP level 2. HP: 17/18 MP: 3/5
    74 | D:1      | Learned a level 2 spell: Sticks to Snakes
   267 | D:1      | Reached XP level 3. HP: 22/23 MP: 4/6
   291 | D:1      | Learned a level 3 spell: Spider Form
   863 | D:1      | Found a shattered altar of Ashenzari.
   890 | D:1      | Reached skill level 1 in Stealth
  1211 | D:2      | Reached skill level 1 in Poison Magic
  1211 | D:2      | Reached XP level 4. HP: 28/28 MP: 1/7
  1774 | D:2      | Reached skill level 4 in Unarmed Combat
  1837 | D:2      | Reached XP level 5. HP: 32/33 MP: 7/9
  2335 | D:3      | Found a glowing drain.
  2465 | D:3      | Noticed Grinder
  2466 | D:3      | Paralysed by Grinder for 6 turns
  2475 | D:3      | Paralysed by Grinder for 6 turns
  2480 | D:3      | Slain by Grinder

Skill      XL: |  1  2  3  4 |
---------------+-------------+-----
Stealth        | 1 2 |  2.5
Poison Magic   | 1 |  1.9
Unarmed Combat | 4 |  4.1
Fighting       | |  1.1
Dodging        | |  2.0
Spellcasting   | |  2.9
Transmutations | |  2.9

Action                   |  1- 3 |  4- 6 || total
-------------------------+-------+-------++-------
Melee: Unarmed           |    48 |    74 ||   122
       Kick              |    10 |     8 ||    18
       Constrict         |    17 |    15 ||    32
       Tentacles         |     8 |     9 ||    17
       Punch             |     1 |     3 ||     4
 Cast: Beastly Appendage |    19 |    16 ||    35
       Sticks to Snakes  |     2 |     3 ||     5
       Spider Form       |     1 |     3 ||     4
  Use: Scroll            |       |     3 ||     3
 Stab: Sleeping          |     5 |     2 ||     7
  Eat: Chunk             |     1 |     5 ||     6
Armor: Skin              |     5 |       ||     5
Dodge: Dodged            |    30 |    47 ||    77
